 Dungeon Crawl Stone Soup version 0.30.0-18-gc0e69614cb (webtiles) character file.

Game seed: 9146105799806757659

22 4FPSwarrior the Insei (level 2, -3/24 HPs)
             Began as a Demonspawn Gladiator on May 23, 2023.
             Slain by a kobold
             ... wielding a +2 short sword of distortion
              (23 damage)
             ... on level 1 of the Dungeon.
             The game lasted 00:02:25 (494 turns).

4FPSwarrior the Insei (Demonspawn Gladiator)         Turns: 494, Time: 00:02:25

Health: -3/24      AC: 11    Str: 14    XL:     2   Next: 68%
Magic:  2/2        EV: 11    Int:  9    God:
Gold:   0          SH:  4    Dex: 14    Spells: 1/1 levels left

rFire   . .          .
                       - Unarmed
rCold   . . .        (no shield)
rNeg    . . .        h - +0 ring mail
rPois   .            b - +0 helmet
rElec   .            (no cloak)
rCorr   .            f - +0 pair of gloves
SInv    .            (no boots)
Will    .....        (no amulet)
Stlth   +            j - +4 ring of protection
HPRegen 0.24/turn    (no ring)
MPRegen 0.08/turn

%: no passive effects
@: no status effects
A: large bone plates 1
a: no special abilities


You were on level 1 of the Dungeon.
You visited 1 branch of the dungeon, and saw 1 of its levels.

Inventory:

Missiles
 c - 2 throwing nets (quivered)
 d - a javelin
Armour
 a - a +0 leather armour
 b - a +0 helmet (worn)
 f - a +0 pair of gloves (worn)
 h - a +0 ring mail (worn)
Jewellery
 j - a +4 ring of protection (left hand)
Scrolls
 g - a scroll of enchant armour {unknown}
 i - a scroll of teleportation {unknown}
Potions
 e - a potion of curing {unknown}
 k - a potion of degeneration {unknown}


   Skills:
 * Level 3.0 Fighting
 - Level 1.7 Throwing
 - Level 2.6 Dodging
 + Level 3.0 Unarmed Combat


You had one spell level left.
You didn't know any spells.
Your spell library was empty.

Dungeon Overview and Level Annotations

Branches:
Dungeon (1/15)

Altars:

Shops:
D:1 *


Innate Abilities, Weirdness & Mutations

You are partially covered in large bone plates. (SH +4)


Message History

You kill the kobold!
No target in view!
A giant cockroach comes into view.
You hit the giant cockroach.
You kill the giant cockroach!
Your Fighting skill increases to level 3!
No target in view!
Found a scroll labelled UDUOHU RAQO and a There-And-Back Book.
Found Guesosik's General Store.
A kobold and an endoplasm come into view.
The kobold is wielding a +2 short sword of distortion.
The kobold shouts!
The endoplasm quivers.
You see here a scroll labelled UDUOHU RAQO.
Okay, then.
You don't know any spells.
j - a +4 ring of protection (left hand) Throw: 3 throwing nets
Press: ? - help, Q - select action, (/) - cycle Shift-Dir - straight line, f - kobold
Aim: a kobold, wielding a +2 short sword of distortion (51% to hit)
You throw a throwing net.
The throwing net barely misses the kobold.
You hit the kobold.
The kobold is heavily wounded.
The kobold hits you with a +2 short sword of distortion.
Space warps around you.
You hit the kobold but do no damage.
The kobold is heavily wounded.
The kobold closely misses you.
You barely miss the kobold.
The kobold is heavily wounded.
The kobold closely misses you.
You barely miss the kobold.
The kobold is heavily wounded.
The kobold misses you.
You hit the kobold but do no damage.
The kobold is heavily wounded.
The kobold hits you but does no damage. Space warps horribly around you!!
Ouch! That really hurt!
You die...

#....# ##.### #### #....
..##.#.. ...#
#..:###.##.#.########.#### #####
#.........................
......#.....#.##................
.......J..#.#.##................
......##....#.##................
..... ##..#.#.##.#.########..)..
.... ♣.(....JK@................
..J....##.#.#.#.####.###########
.....♣∩ #.#.#.#....#.##.........
# ## # ..#.#.#.#.......########
####.#.#.####.#.........
#.#.#......#.######..
#...######...# #.## ###### #.###
#.## ..... #.# #...


You could see an endoplasm and a kobold.

Vanquished Creatures
  A dart slug (D:1)
  2 ball pythons (D:1)
  2 bats (D:1)
  An endoplasm (D:1)
  2 giant cockroaches (D:1)
  A goblin (D:1)
  2 hobgoblins (D:1)
  3 kobolds (D:1)
  A quokka (D:1)
  A frilled lizard (D:1)
16 creatures vanquished.

Notes
Turn   | Place    | Note
-------+----------+-------------------------------------------
     0 | D:1      | 4FPSwarrior the Demonspawn Gladiator began the quest for
                  | the Orb.
     0 | D:1      | Reached XP level 1. HP: 16/16 MP: 1/1
   153 | D:1      | Gained mutation: You are partially covered in large bone
                  | plates. (SH +4) [demonic ancestry]
   153 | D:1      | Reached XP level 2. HP: 23/23 MP: 2/2
   477 | D:1      | Found Guesosik's General Store.
   494 | D:1      | Slain by a kobold

Illustrated notes

Levels and vault maps discovered:
D:1:      evilmike_arrival_plus, layout_basic, serial_shops, nicolae_shop_trees

Skill      XL: |  1  2 |
---------------+-------+-----
Unarmed Combat | 3 |  3.0
Fighting       | 3 |  3.0
Throwing       | |  1.7
Dodging        | |  2.6

Action                     || total
---------------------------++-------
  Melee: Unarmed           ||    75
         Punch             ||     4
  Throw: Throwing net      ||     1
 Armour: Leather armour    ||     7
         Ring mail         ||    18
  Dodge: Dodged            ||    42
  Block: Other             ||     6
